 Dungeon Crawl Stone Soup version 0.23.2-1-ga50397a6bc (webtiles) character file.

Game seed: 15049292070934605468

422 Kobolds4U the Covert (level 6, 0/32 HPs)
             Began as a Spriggan Assassin on May 31, 2019.
             Was an Initiate of Sif Muna.
             Killed by divine providence
             ... invoked by an orc priest
              (8 damage)
             ... on level 4 of the Dungeon.
             The game lasted 00:10:45 (3671 turns).

Kobolds4U the Covert (Spriggan Assassin)            Turns: 3671, Time: 00:10:46

Health: 0/32       AC:  4    Str:  7    XL:     6   Next: 63%
Magic:  0/8        EV: 17    Int: 13    God:    Sif Muna [......]
Gold:   219        SH:  0    Dex: 19    Spells: 7/7 levels left

rFire    . . .     SeeInvis +   a - +4 dagger
rCold    . . .     Gourm    .   (shield restricted)
rNeg     . . .     Faith    .   e - +2 robe {MR+}
rPois    .         Spirit   +   (helmet restricted)
rElec    .         Reflect  .   q - scarf {Spirit}
rCorr    .         Harm     .   (gloves unavailable)
MR       ++...                  (boots unavailable)
Stlth    +++++.....             k - amulet of magic regeneration
HPRegen  0.10/turn              (no ring)
MPRegen  0.36/turn              (no ring)

@: very quick
A: very small, unfitting armour, see invisible, herbivore, speed 3, slow
metabolism 2
a: Renounce Religion


You were on level 4 of the Dungeon.
You worshipped Sif Muna.
Sif Muna was noncommittal.
You were very hungry.

You visited 1 branch of the dungeon, and saw 4 of its levels.

You collected 219 gold pieces.

Inventory:

Hand Weapons
 a - a +4 dagger (weapon)
 b - a +0 blowgun
 s - a +0 rapier
Missiles
 w - 2 curare-tipped needles
 y - 5 poisoned needles
Armour
 c - a +0 robe
 d - a +0 cloak
 e - a +2 robe of magic resistance (worn)
 q - a scarf of spirit shield (worn)
Jewellery
 h - an uncursed ring of stealth {unknown}
 k - an amulet of magic regeneration (around neck)
Wands
 f - a wand of iceblast (8)
Scrolls
 i - 4 scrolls of remove curse {unknown}
 m - a scroll of blinking {unknown}
 n - a scroll of fear {unknown}
 p - 4 scrolls of identify {unknown}
 v - a scroll of enchant weapon {unknown}
Potions
 j - a potion of curing
 l - 2 potions of degeneration {unknown}
 o - a potion of might
 r - a potion of resistance {unknown}
 t - a potion of heal wounds {unknown}
 u - 3 potions of berserk rage {unknown}
 x - a potion of flight {unknown}
 z - a potion of invisibility {unknown}
Comestibles
 g - 6 rations


   Skills:
 - Level 3.0 Fighting
 - Level 4.3 Short Blades
 - Level 2.0 Throwing
 - Level 1.5 Dodging
 + Level 9.6 Stealth
 - Level 1.0 Spellcasting


You had 7 spell levels left.
You didn't know any spells.
Your spell library was empty.

Dungeon Overview and Level Annotations

Branches:
Dungeon (4/15)
 Temple: D:4-7

Altars:
Nemelex Xobeh
Sif Muna
Trog
Uskayaw
Yredelemnul
The Shining One


Innate Abilities, Weirdness & Mutations

You are very small and have problems with some larger weapons.
You are too small for most types of armour.
You have supernaturally acute eyesight. (SInv)
You are a herbivore.
You cover ground extremely quickly.
You need to consume almost no food.


Message History

You hit the orc wizard.
The orc wizard is severely wounded.
The orc wizard misses you.
You hit the orc wizard.
The orc wizard is almost dead.
The orc wizard points at you and mumbles some strange words.
The puff of flame hits you!
* * * LOW HITPOINT WARNING * * *
You closely miss the orc wizard.
The orc wizard is almost dead.
The orc wizard hits you with a +0 dagger.
* * * LOW HITPOINT WARNING * * *
You hit the orc wizard.
You kill the orc wizard!
Sif Muna accepts your kill.
The orc priest looks satisfied for a moment.
Okay, then.
The orc priest invokes the aid of Beogh against you.
Beogh smites you!
You die...

..........# .
#..........
#.........#+#.#
###........
#............#
##.......
...........# ###.....
#......o# ###...
##.....)#### ### ####
#######o..####
#.#####..
##.....#####........
##..@......##......##
#.......##.........##
#.......####......>##
#........##|.......##
#........##.#......#
#...........#......#
#..........###.....#
#.........## ###...#
#.......#.# ####


You could see an orc priest and an orc.

Vanquished Creatures
  A scorpion (D:3)
  A bullfrog skeleton (D:4)
  3 orc wizards (D:4)
  A hound (D:3)
  Ijyb (D:3)
  Natasha (thrice) (D:3)
  A worker ant (D:4)
  3 adders (D:3)
  An ooze (D:3)
  A worm (D:3)
  An adder skeleton (D:3)
  3 dart slugs
  4 leopard geckos
  3 orcs (D:4)
  5 bats
  3 giant cockroaches
  7 goblins
  6 hobgoblins
  4 jackals
  3 quokkas
  5 frilled lizards
  6 kobolds
  7 rats
  A plant (D:3)
74 creatures vanquished.

Notes
Turn   | Place    | Note
-------+----------+-------------------------------------------
     0 | D:1      | Kobolds4U the Spriggan Assassin began the quest for the
                  | Orb.
     0 | D:1      | Reached XP level 1. HP: 10/10 MP: 2/2
    63 | D:1      | Reached skill level 6 in Stealth
   230 | D:1      | Reached XP level 2. HP: 13/14 MP: 3/3
   269 | D:1      | Reached skill level 7 in Stealth
   970 | D:2      | Reached XP level 3. HP: 18/18 MP: 4/4
  1440 | D:3      | Noticed a scorpion
  1506 | D:3      | Found a bloodstained altar of Trog.
  1539 | D:3      | Killed a scorpion
  1539 | D:3      | Reached skill level 8 in Stealth
  1539 | D:3      | Reached XP level 4. HP: 21/22 MP: 5/5
  1957 | D:3      | Found a deep blue altar of Sif Muna.
  1972 | D:3      | Became a worshipper of Sif Muna the Loreminder
  2012 | D:3      | Reached XP level 5. HP: 25/25 MP: 6/6
  2026 | D:3      | Noticed Ijyb
  2056 | D:3      | Killed Ijyb
  2238 | D:3      | Reached skill level 1 in Spellcasting
  2391 | D:3      | Noticed Natasha
  2398 | D:3      | Killed Natasha
  2440 | D:3      | Found a basalt altar of Yredelemnul.
  2476 | D:3      | Found a sparkling altar of Nemelex Xobeh.
  2617 | D:3      | Noticed Natasha
  2631 | D:3      | Killed Natasha
  2631 | D:3      | Reached skill level 9 in Stealth
  2659 | D:3      | Found a glowing golden altar of the Shining One.
  2687 | D:3      | Noticed Natasha
  2707 | D:3      | Killed Natasha
  2707 | D:3      | Reached XP level 6. HP: 20/30 MP: 8/8
  2859 | D:3      | Noticed an angel
  2894 | D:4      | Found a hide-covered altar of Uskayaw.
  3671 | D:4      | Killed from afar by an orc priest

Skill      XL: |  1  2  3  4  5  6 |
---------------+-------------------+-----
Stealth        | 6 7 8 9 |  9.6
Short Blades   | 3 4 |  4.3
Spellcasting   | 1 |  1.0
Fighting       | 2 3 |  3.0
Throwing       | |  2.0
Dodging        | |  1.5

Action                   |  1- 3 |  4- 6 || total
-------------------------+-------+-------++-------
Melee: Dagger            |   116 |   271 ||   387
 Fire: Blowgun           |     7 |    29 ||    36
 Stab: Sleeping          |    13 |     8 ||    21
       Distracted        |     1 |     2 ||     3
Armor: Robe              |     7 |     5 ||    12
Dodge: Dodged            |    84 |    79 ||   163
